 Dungeon Crawl Stone Soup version 0.20.1-1-g8b1a95d (webtiles) character file.

5061 letownia2 the Reanimator (level 10, -2/87 HPs)
             Began as a Deep Dwarf Necromancer on Nov 24, 2017.
             Was an Initiate of Gozag.
             Killed by divine providence
             ... invoked by an orc priest
              (7 damage)
             ... on level 8 of the Dungeon.
             The game lasted 00:31:34 (8962 turns).

letownia2 the Reanimator (Deep Dwarf Necromancer)   Turns: 8962, Time: 00:31:35

Health: -2/87      AC:  7    Str: 14    XL:     10   Next: 31%
Magic:  15/20      EV: 11    Int: 23    God:    Gozag
Gold:   699        SH:  5    Dex: 15    Spells: 18/22 levels left

rFire    . . .     SeeInvis .   a - +4 mace of Semi {flame, rC+ Dex+2}
rCold    + . .     Gourm    .   (no shield)
rNeg     . . .     Faith    .   w - +0 ring mail "Uleunkeo" {Regen+ Int+6}
rPois    .         Spirit   .   (no helmet)
rElec    .         Reflect  +   (no cloak)
rCorr    .         Harm     .   j - +0 pair of gloves
MR       +....                  P - +0 pair of boots
Stlth    +.........             N - +5 amulet of reflection
Regen    0.0/turn               (no ring)
MPRegen  0.2/turn               (no ring)

@: about to teleport, non-regenerating, drained
A: damage resistance, heal wounds, sense surroundings 2, no regeneration
a: Heal Wounds, Potion Petition, Call Merchant, Bribe Branch, Renounce Religion


You were on level 8 of the Dungeon.
You worshipped Gozag.
Gozag was pleased with you.
You were hungry.

You visited 2 branches of the dungeon, and saw 9 of its levels.
You also visited: Sewer and Ossuary.

You collected 1387 gold pieces.
You paid 688 gold pieces to Gozag.

Inventory:

Hand Weapons
 a - the +4 mace of Semi (weapon) {flame, rC+ Dex+2}
   (You found it on level 4 of the Dungeon)

   It has been specially enchanted to burn those struck by it, causing extra
   injury to most foes and up to half again as much damage against particularly
   susceptible opponents.
   It affects your dexterity (+2).
   It protects you from cold.
 b - a +3 scimitar of electrocution
 d - a +0 shortbow
 s - a +1 long sword of freezing
 x - a +1 long sword of holy wrath
 D - a +0 war axe
 K - a +2 dagger of protection
Missiles
 o - 6 javelins (quivered)
 r - 17 arrows
 B - 8 tomahawks
 I - 32 poisoned needles
Armour
 j - a +0 pair of gloves (worn)
 m - a +0 scale mail
 v - a cursed +0 leather armour
 w - the +0 ring mail "Uleunkeo" (worn) {Regen+ Int+6}
   (You found it on level 4 of the Dungeon)

   It affects your intelligence (+6).
   It increases your rate of regeneration.
 L - a +2 robe of the Archmagi
 P - a +0 pair of boots (worn)
Magical Staves
 y - an uncursed staff of poison
Jewellery
 N - a +5 amulet of reflection (around neck)
Wands
 e - a wand of lightning (2/15)
 l - a wand of disintegration (4/24)
 A - a wand of digging (16/24)
 F - a wand of confusion (28/48)
 H - a wand of disintegration (0/24)
 J - a wand of polymorph (10/24)
 Q - a wand of iceblast (9/15)
 R - a wand of enslavement (6/24)
Scrolls
 f - 5 scrolls of teleportation
 g - 4 scrolls of recharging {unknown}
 h - 8 scrolls of remove curse
 i - 9 scrolls of identify
 C - 2 scrolls of fear {unknown}
 E - 4 scrolls of amnesia
 S - a scroll of immolation {unknown}
Potions
 k - 4 potions of lignification {unknown}
 n - a potion of agility {unknown}
 p - 6 potions of mutation {unknown}
 q - 2 potions of cancellation {unknown}
 t - 3 potions of flight {unknown}
 u - 3 potions of curing {unknown}
 z - 2 potions of brilliance {unknown}
 G - a potion of might {unknown}
 M - 4 potions of heal wounds {unknown}
Comestibles
 c - 4 bread rations


   Skills:
 - Level 4.8(4.5) Fighting
 - Level 3.1(2.8) Armour
 - Level 2.1(1.8) Dodging
 - Level 2.4(2.1) Stealth
 - Level 6.9(6.5) Spellcasting
 + Level 10.9(10.5) Necromancy
 - Level 8.8(8.4) Evocations


You had 18 spell levels left.
You knew the following spells:

 Your Spells              Type           Power        Failure   Level  Hunger
a - Pain                  Necr           ####         1%          1    None
v - Vampiric Draining     Necr           ######....   1%          3    None


Dungeon Overview and Level Annotations

Branches:
Dungeon (8/15)             Temple (1/1) D:5            Lair (0/6) D:8

Altars:
Ashenzari
Cheibriados
Dithmenos
Fedhas
Gozag
Hepliaklqana
Kikubaaqudgha
Makhleb
Nemelex Xobeh
Okawaru
Qazlal
Ru
Sif Muna
Uskayaw
Vehumet
Xom
Yredelemnul
Zin
The Shining One

Shops:
D:7 *

Annotations:
D:2 exclusion: upstairs
D:4 bmj180's ghost, novice HaFi


Innate Abilities, Weirdness & Mutations

You are resistant to damage.
You can heal yourself by infusing magical energy.
You passively map the area around you.
You do not regenerate.


Message History

Unknown command.
Evoke which item? (* to show all) (? for menu, Esc to quit)
Aiming: Confuse
Press: ? - help, Shift-Dir - straight line, f - two-headed ogre
Aim: a two-headed ogre, wielding a giant spiked club and a giant club (chance to defeat MR: 51%)
The two-headed ogre resists with significant effort.
This wand has 29 charges left.
The wight hits you but does no damage.
Unknown command.
Unknown command.
Unknown command.
Evoke which item? (* to show all) (? for menu, Esc to quit)
Aiming: Confuse
Press: ? - help, Shift-Dir - straight line, f/p - two-headed ogre
Aim: a two-headed ogre, wielding a giant spiked club and a giant club (chance to defeat MR: 51%)
The two-headed ogre resists with significant effort.
This wand has 28 charges left.
The orc priest mumbles some strange prayers to Beogh against you.
Beogh smites you!
You die...
Your body crumbles into a pile of gold.

.....%.#.#.######,,,
..... ######.#...#
#########. #.###.#
#........# * * #.* #.#
#........# ,,.. #.#
#......... ## #.#
#...(.....
#)#######.).......
#O##......#####...
#@#.....<.#####...
#z#.......#...'... * ,
######o#.......#.###...
,, #....oo........#.#
#...
*#.....o..........#
#...
#.......#......#####...
* ,,
#.......'......'.......
, ,
#.......#......########
* * #########......#


You could see a two-headed ogre, a wight, an orc priest, 2 orc wizards and an
orc.

Vanquished Creatures
  2 two-headed ogres (D:8)
  An orc warrior (D:7)
  A hungry ghost (D:8)
  3 wargs (D:8)
  A water moccasin (D:7)
  3 sky beasts
  An ogre (D:5)
  3 phantoms
  2 centaurs
  Blork the orc (D:5)
  An elf zombie (Ossuary)
  A big kobold (Sewer)
  5 bullfrogs
  3 scorpions
  3 wights (D:6)
  3 howler monkeys (D:5)
  A bullfrog zombie (D:6)
  3 centaur zombies (Ossuary)
  4 hounds
  A bullfrog skeleton (D:4)
  12 orc priests
  2 iguanas
  8 orc wizards
  4 worker ants
  A big kobold zombie (Ossuary)
  A hound skeleton (D:7)
  2 mummies (Ossuary)
  A worker ant zombie (D:5)
  13 adders
  A river rat (Sewer)
  3 oozes
  An adder skeleton (D:6)
  An adder zombie (Ossuary)
  2 worms
  3 dart slugs
  5 leopard geckos
  22 orcs
  2 ball pythons
  4 giant cockroaches
  6 goblins
  7 hobgoblins
  13 jackals
  10 kobolds
  A quokka (D:2)
  6 bats
  4 frilled lizards
  2 goblin zombies (Ossuary)
  9 hobgoblin zombies (Ossuary)
  A jackal zombie (D:7)
  12 kobold zombies (Ossuary)
  A leopard gecko zombie (D:8)
  7 orc zombies (Ossuary)
  A quokka zombie (D:7)
  14 rats
  A rat zombie (Ossuary)
226 creatures vanquished.

Vanquished Creatures (collateral kills)
  An ogre (D:7)
1 creature vanquished.

Grand Total: 227 creatures vanquished

Notes
Turn   | Place    | Note
-------+----------+-------------------------------------------
     0 | D:1      | letownia2 the Deep Dwarf Necromancer began the quest for the Orb.
     0 | D:1      | Reached XP level 1. HP: 15/15 MP: 3/3
   130 | D:2      | Found a hazy altar of Hepliaklqana.
   130 | D:2      | Found a stormy altar of Qazlal.
   287 | D:2      | Reached XP level 2. HP: 17/22 MP: 0/5
   448 | D:2      | Reached skill level 5 in Necromancy
   569 | D:2      | Reached XP level 3. HP: 13/28 MP: 2/6
   574 | D:2      | Learned a level 3 spell: Vampiric Draining
   728 | D:2      | Found a glowing golden altar of the Shining One.
  1193 | D:3      | Found a hide-covered altar of Uskayaw.
  1221 | D:3      | Reached skill level 6 in Necromancy
  1221 | D:3      | Reached XP level 4. HP: 8/36 MP: 0/7
  1820 | D:4      | Reached XP level 5. HP: 30/42 MP: 1/8
  1940 | D:4      | Reached skill level 7 in Necromancy
  2234 | D:4      | Noticed a phantom
  2245 | D:4      | Noticed a phantom
  2337 | D:4      | Reached XP level 6. HP: 25/49 MP: 2/9
  2365 | D:4      | Reached skill level 8 in Necromancy
  2560 | D:4      | Got a crude ring mail
  2699 | D:4      | Noticed bmj180's ghost (novice HaFi)
  2711 | D:4      | Got a translucent mace
  2732 | D:4      | Reached skill level 1 in Fighting
  2828 | D:3      | Identified the +4 mace of Semi {flame, rC+ Dex+2} (You found it on level 4 of the Dungeon)
  2839 | D:3      | Identified the +0 ring mail "Uleunkeo" {Regen+ Int+6} (You found it on level 4 of the Dungeon)
  3136 | D:4      | Reached XP level 7. HP: 8/60 MP: 2/11
  3238 | D:3      | Found a shimmering altar of Xom.
  3625 | D:5      | Entered Level 5 of the Dungeon
  3763 | D:5      | Found a staircase to the Ecumenical Temple.
  3772 | Temple   | Entered the Ecumenical Temple
  3828 | Temple   | Became a worshipper of Gozag Ym Sagoz the Greedy
  3909 | D:5      | Found a sand-covered staircase.
  3916 | Ossuary  | Entered an ossuary
  4415 | Ossuary  | Reached skill level 5 in Evocations
  4445 | Ossuary  | Reached XP level 8. HP: 27/69 MP: 13/13
  4815 | D:5      | Found a snail-covered altar of Cheibriados.
  5031 | D:5      | Noticed Blork the orc
  5037 | D:5      | Killed Blork the orc
  5125 | D:4      | Reached skill level 5 in Spellcasting
  6869 | D:6      | Found a glowing drain.
  6873 | Sewer    | Entered a sewer
  6966 | Sewer    | Found a glowing silver altar of Zin.
  7298 | D:6      | Gained mutation: You passively map the area around you. [Deep Dwarf growth]
  7298 | D:6      | Reached XP level 9. HP: 50/76 MP: 12/19
  7470 | D:6      | Found a shattered altar of Ashenzari.
  7749 | D:7      | Reached skill level 1 in Armour
  8449 | D:8      | Noticed a five-headed hydra
  8710 | D:8      | Noticed a two-headed ogre
  8721 | D:8      | Killed a two-headed ogre
  8721 | D:8      | Reached skill level 9 in Necromancy
  8745 | D:8      | Reached XP level 10. HP: 62/87 MP: 13/20
  8752 | D:8      | Reached skill level 10 in Necromancy
  8768 | D:8      | Noticed a two-headed ogre
  8798 | D:8      | Found a staircase to the Lair.
  8803 | D:8      | Noticed a two-headed ogre
  8879 | D:8      | Killed a two-headed ogre
  8962 | D:8      | Killed from afar by an orc priest

Skill      XL: |  1  2  3  4  5  6  7  8  9 10 |
---------------+-------------------------------+-----
Spellcasting   | 2 3 6 |  6.9
Necromancy     | 5 6 7 8 9 10 | 10.9
Fighting       | 2 3 4 |  4.8
Evocations     | 5 6 8 |  8.8
Armour         | 3 |  3.1
Dodging        | |  2.1
Stealth        | |  2.4

Action                   |  1- 3 |  4- 6 |  7- 9 | 10-12 || total
-------------------------+-------+-------+-------+-------++-------
Melee: Unarmed           |    14 |     5 |       |       ||    19
       Staff             |       |    14 |       |       ||    14
       Mace              |       |     9 |   148 |     9 ||   166
       Scimitar          |       |       |     5 |       ||     5
 Fire: Shortbow          |       |       |    80 |       ||    80
Throw: Javelin           |     7 |    15 |    32 |       ||    54
       Tomahawk          |       |       |     6 |       ||     6
 Cast: Pain              |    37 |    42 |   160 |       ||   239
       Vampiric Draining |     9 |    30 |    66 |    11 ||   116
Invok: Call Merchant     |       |       |     1 |       ||     1
Evoke: Wand              |       |       |     5 |    10 ||    15
  Use: Scroll            |     1 |     6 |     2 |     1 ||    10
 Stab: Distracted        |       |       |     1 |       ||     1
       Sleeping          |       |       |     2 |       ||     2
  Eat: Chunk             |     2 |     7 |     5 |       ||    14
       Royal jelly       |       |     1 |     1 |     1 ||     3
       Bread ration      |       |       |     2 |       ||     2
       Meat ration       |       |       |     1 |       ||     1
Armor: Robe              |    13 |     1 |       |       ||    14
       Ring mail         |       |    19 |    67 |     3 ||    89
Dodge: Dodged            |    51 |    60 |   141 |    11 ||   263
Block: Other             |       |       |    29 |     3 ||    32
       Rpst.: Scimitar   |       |       |     2 |       ||     2
